 Dungeon Crawl Stone Soup version 0.27.1-34-g3ba077fa99 (webtiles) character file.

Game seed: 18022146184787195096

1399 zeram the Sneak (level 8, -8/58 HPs)
             Began as a Gnoll Enchanter on Jan 9, 2022.
             Mangled by a yak (13 damage)
             ... on level 6 of the Dungeon.
             The game lasted 00:11:07 (7762 turns).

zeram the Sneak (Gnoll Enchanter)                   Turns: 7762, Time: 00:11:09

Health: -8/58      AC:  4    Str:  8    XL:     8   Next: 69%
Magic:  10/17      EV: 14    Int: 17    God:
Gold:   309        SH:  0    Dex: 12    Spells: 6/19 levels left

rFire    . . .     SeeInvis .   g - +3 dagger (venom)
rCold    . . .     Faith    .   (no shield)
rNeg     . . .     Spirit   .   b - +0 robe
rPois    .         Reflect  .   (no helmet)
rElec    .         Harm     .   (no cloak)
rCorr    +         Rampage  .   q - +1 pair of gloves
Will     .....                  (no boots)
Stlth    +++.......             (no amulet)
HPRegen  0.19/turn              j - ring of flight
MPRegen  0.15/turn              n - ring of resist corrosion

@: flying
A: fangs 1, strong nose, distributed training
a: no special abilities


You were on level 6 of the Dungeon.
You visited 1 branch of the dungeon, and saw 6 of its levels.

You collected 309 gold pieces.

Inventory:

Hand Weapons
 a - a +1 dagger
 g - a +3 dagger of venom (weapon)
Missiles
 r - 22 poisoned darts (quivered)
Armour
 b - a +0 robe (worn)
 q - a +1 pair of gloves (worn)
Jewellery
 j - a ring of flight (left hand)
 n - a ring of resist corrosion (right hand)
Wands
 i - a wand of flame (4)
 o - a wand of paralysis (7)
 p - a wand of mindburst (7)
Scrolls
 k - 2 scrolls of amnesia
 l - 2 scrolls of identify
Potions
 c - 2 potions of invisibility {unknown}
 d - 2 potions of flight {unknown}
 e - a potion of attraction
 f - a potion of heal wounds
 h - 3 potions of curing
 m - 2 potions of lignification


   Skills:
 + Level 3.5 Fighting
 + Level 4.4 Short Blades
 + Level 3.5 Long Blades
 + Level 3.5 Axes
 + Level 3.5 Maces & Flails
 + Level 3.5 Polearms
 + Level 3.5 Staves
 + Level 3.5 Slings
 + Level 3.5 Bows
 + Level 3.5 Crossbows
 + Level 3.5 Throwing
 + Level 3.5 Armour
 + Level 5.8 Dodging
 + Level 7.0 Stealth
 + Level 3.5 Shields
 + Level 3.5 Unarmed Combat
 + Level 6.1 Spellcasting
 + Level 2.8 Conjurations
 + Level 6.2 Hexes
 + Level 2.8 Summonings
 + Level 2.8 Necromancy
 + Level 2.8 Translocations
 + Level 2.8 Transmutations
 + Level 2.8 Fire Magic
 + Level 2.8 Ice Magic
 + Level 2.8 Air Magic
 + Level 2.8 Earth Magic
 + Level 2.8 Poison Magic
 + Level 3.8 Invocations
 + Level 3.5 Evocations


You had 6 spell levels left.
You knew the following spells:

 Your Spells              Type           Power      Damage    Failure   Level
a - Dazzling Flash        Conj/Hex       40%        N/A       6%          3
b - Ensorcelled Hibernat  Hex/Ice        40%        N/A       3%          2
c - Tukima's Dance        Hex            26%        N/A       3%          3
d - Call Imp              Summ           15%        N/A       6%          2
e - Mephitic Cloud        Conj/Pois/Air  15%        N/A       12%         3

Your spell library contained the following spells:

 Spells                   Type           Power      Damage    Failure   Level
 Corona                   Hex            28%        N/A       1%          1
 Magic Dart               Conj           60%        1d6       3%          1
 Confusing Touch          Hex            26%        N/A       3%          3


Dungeon Overview and Level Annotations

Branches:
Dungeon (6/15)             Temple (0/1) D:6

Altars:
Hepliaklqana


Innate Abilities, Weirdness & Mutations

You have very sharp teeth.
Your uncanny sense of smell can sniff out nearby items.
Your experience applies equally to all skills.


Message History

Aiming: Ensorcelled Hibernation (safe; 3% risk of failure)
Press: ? - help, Shift-Dir - straight line, f - yak
Aim: a yak (chance to affect: 50%)
The yak looks drowsy...
The yak bellows! x2
The yak closely misses you.
The yak bellows!
You hit the yak but do no damage.
The yak is poisoned.
Your punch misses the yak. You bite the yak, but do no damage.
The yak gores you!
Casting: Ensorcelled Hibernation (safe; 3% risk of failure)
Confirm with . or Enter, or press ? or * to list all spells.
Aiming: Ensorcelled Hibernation (safe; 3% risk of failure)
Press: ? - help, Shift-Dir - straight line, f - yak, p - yak
Aim: a yak (chance to affect: 50%)
The yak looks drowsy...
The yak gores you!
The helpless yak fails to defend itself.
You impale the yak!!
The yak looks as sick as possible!
You bite the yak, but do no damage.
The yak is almost dead.
You kill the yak!
The yak gores you!
Your Stealth skill increases to level 7!
Casting: Ensorcelled Hibernation (safe; 3% risk of failure)
Confirm with . or Enter, or press ? or * to list all spells.
Aiming: Ensorcelled Hibernation (safe; 3% risk of failure)
Press: ? - help, Shift-Dir - straight line, f - yak
Aim: a yak (chance to affect: 50%)
The yak resists with some effort.
The yak barely misses you. The yak gores you!
* * * LOW HITPOINT WARNING * * *
Unknown command.
Casting: Ensorcelled Hibernation (safe; 3% risk of failure)
Confirm with . or Enter, or press ? or * to list all spells.
Aiming: Ensorcelled Hibernation (safe; 3% risk of failure)
Press: ? - help, Shift-Dir - straight line, f/p - yak
Aim: a yak (chance to affect: 50%)
The yak resists with some effort.
The yak gores you.
* * * LOW HITPOINT WARNING * * *
The yak gores you!
You die...

#.## .######
#.##.#......# ### #
#########..#.##.###
........##.#.##.#
##..........##.....#
##............##..###
##..........$...##..#
##................##.#
#...........YY.....#.#
#......≈....≈@.....#.#
#...........†......#.#
#..................'.#
#..................'.#
#..................###
#......≈....≈......#
#.........$........#
##..."............##
##..............##


You could see 2 yaks.

Vanquished Creatures
  A yak (D:6)
  Duvessa (D:5)
  A black bear (D:4)
  A necrophage (D:6)
  An ogre (D:5)
  A phantom (D:5)
  A jelly (D:5)
  A scorpion (D:4)
  Dowan (D:5)
  A water moccasin zombie (D:6)
  A howler monkey (D:5)
  2 hounds
  2 orc priests
  2 bullfrog skeletons (D:4)
  5 iguanas
  4 orc wizards
  A hound zombie (D:5)
  A gnoll (D:2)
  3 adders
  A white imp (D:6)
  3 dart slugs
  24 orcs
  6 ball pythons
  9 bats
  2 endoplasms
  4 giant cockroaches
  5 goblins
  6 hobgoblins
  2 jackals (D:4)
  2 frilled lizards (D:1)
  7 kobolds
  6 rats
  A bush (D:2)
  A toadstool (D:1)
110 creatures vanquished.

Vanquished Creatures (others)
  13 plants
  3 toadstools (D:1)
16 creatures vanquished.

Grand Total: 126 creatures vanquished

Notes
Turn   | Place    | Note
-------+----------+-------------------------------------------
     0 | D:1      | zeram the Gnoll Enchanter began the quest for the Orb.
     0 | D:1      | Reached XP level 1. HP: 13/13 MP: 6/6
   266 | D:1      | Reached XP level 2. HP: 19/19 MP: 7/7
   486 | D:1      | Found a faded altar of an unknown god.
  1061 | D:2      | Reached skill level 5 in Spellcasting
  1061 | D:2      | Reached XP level 3. HP: 24/25 MP: 7/9
  1064 | D:2      | Learned a level 2 spell: Ensorcelled Hibernation
  1068 | D:2      | Learned a level 3 spell: Tukima's Dance
  1134 | D:2      | Reached skill level 6 in Stealth
  1134 | D:2      | Reached skill level 1 in Invocations
  1352 | D:2      | Reached skill level 1 in Fighting
  1352 | D:2      | Reached skill level 1 in Long Blades
  1352 | D:2      | Reached skill level 1 in Axes
  1352 | D:2      | Reached skill level 1 in Maces & Flails
  1352 | D:2      | Reached skill level 1 in Polearms
  1352 | D:2      | Reached skill level 1 in Staves
  1352 | D:2      | Reached skill level 1 in Slings
  1352 | D:2      | Reached skill level 1 in Bows
  1352 | D:2      | Reached skill level 1 in Crossbows
  1352 | D:2      | Reached skill level 1 in Throwing
  1352 | D:2      | Reached skill level 1 in Armour
  1352 | D:2      | Reached skill level 1 in Shields
  1352 | D:2      | Reached skill level 1 in Unarmed Combat
  1352 | D:2      | Reached skill level 1 in Evocations
  1910 | D:2      | Learned a level 3 spell: Dazzling Flash
  1986 | D:3      | Reached XP level 4. HP: 32/32 MP: 11/11
  2119 | D:3      | Reached skill level 1 in Conjurations
  2119 | D:3      | Reached skill level 1 in Summonings
  2119 | D:3      | Reached skill level 1 in Necromancy
  2119 | D:3      | Reached skill level 1 in Translocations
  2119 | D:3      | Reached skill level 1 in Transmutations
  2119 | D:3      | Reached skill level 1 in Fire Magic
  2119 | D:3      | Reached skill level 1 in Ice Magic
  2119 | D:3      | Reached skill level 1 in Air Magic
  2119 | D:3      | Reached skill level 1 in Earth Magic
  2119 | D:3      | Reached skill level 1 in Poison Magic
  2119 | D:3      | Reached XP level 5. HP: 10/37 MP: 12/12
  2124 | D:3      | HP: 1/37 [something (2)]
  2428 | D:3      | Found a hazy altar of Hepliaklqana.
  3205 | D:4      | Reached XP level 6. HP: 44/44 MP: 13/13
  3552 | D:4      | Reached skill level 5 in Dodging
  4422 | D:5      | Entered Level 5 of the Dungeon
  4552 | D:5      | Reached XP level 7. HP: 32/50 MP: 15/15
  5074 | D:5      | Noticed Dowan
  5076 | D:5      | Noticed Duvessa
  5086 | D:5      | HP: 2/51 [Duvessa (10)]
  5760 | D:5      | Killed Duvessa
  6082 | D:5      | Killed Dowan
  6083 | D:5      | Reached XP level 8. HP: 57/57 MP: 13/16
  6860 | D:5      | Learned a level 2 spell: Call Imp
  6864 | D:5      | Learned a level 3 spell: Mephitic Cloud
  7521 | D:6      | Found a staircase to the Ecumenical Temple.
  7615 | D:6      | Noticed a yak
  7615 | D:6      | Noticed a yak
  7616 | D:6      | Noticed a yak
  7760 | D:6      | Killed a yak
  7761 | D:6      | Reached skill level 7 in Stealth
  7762 | D:6      | Mangled by a yak

Illustrated notes

Levels and vault maps discovered:
D:1:      ldierk_water_garden, layout_basic, chequers_ecumenical_altar_simple
D:2:      layout_loops_ring, serial_forest, infiniplex_forest_straight_1,
          infiniplex_forest_end_2, infiniplex_forest_end_2,
          infiniplex_forest_clump_cross, infiniplex_forest_lined_4_way,
          infiniplex_forest_lined_room_3, minmay_misc_feat_alley,
          kennysheep_generic_room_4
D:3:      layout_basic, nicolae_hepliaklqana_hazy_memory, st_stairs_8
D:4:      minmay_door_path, layout_basic
D:5:      layout_gridville, uniq_duvessa
D:6:      layout_loops_cross, minmay_temple_entry_antechambers,
          kennysheep_big_empty_room

Skill      XL: |  1  2  3  4  5  6  7  8 |
---------------+-------------------------+-----
Spellcasting   | 5 6 |  6.1
Stealth        | 6 7 |  7.0
Invocations    | 1 2 3 |  3.8
Fighting       | 1 2 3 |  3.5
Long Blades    | 1 2 3 |  3.5
Axes           | 1 2 3 |  3.5
Maces & Flails | 1 2 3 |  3.5
Polearms       | 1 2 3 |  3.5
Staves         | 1 2 3 |  3.5
Slings         | 1 2 3 |  3.5
Bows           | 1 2 3 |  3.5
Crossbows      | 1 2 3 |  3.5
Throwing       | 1 2 3 |  3.5
Armour         | 1 2 3 |  3.5
Shields        | 1 2 3 |  3.5
Unarmed Combat | 1 2 3 |  3.5
Evocations     | 1 2 3 |  3.5
Conjurations   | 1 2 |  2.8
Summonings     | 1 2 |  2.8
Necromancy     | 1 2 |  2.8
Translocations | 1 2 |  2.8
Transmutations | 1 2 |  2.8
Fire Magic     | 1 2 |  2.8
Ice Magic      | 1 2 |  2.8
Air Magic      | 1 2 |  2.8
Earth Magic    | 1 2 |  2.8
Poison Magic   | 1 2 |  2.8
Short Blades   | 3 4 |  4.4
Dodging        | 5 |  5.8
Hexes          | 6 |  6.2

Action                   |  1- 3 |  4- 6 |  7- 9 || total
-------------------------+-------+-------+-------++-------
Melee: Dagger            |   123 |   175 |   135 ||   433
       Bite              |    11 |    10 |    10 ||    31
       Punch             |       |     2 |     1 ||     3
 Cast: Dazzling Flash    |       |     1 |       ||     1
       Ensorcelled Hiber |       |       |    34 ||    34
Evoke: Wand              |       |       |     3 ||     3
  Use: Scroll            |     1 |     8 |     4 ||    13
       Potion            |       |     2 |     3 ||     5
 Stab: Sleeping          |    14 |    11 |    16 ||    41
       Invisible         |       |     1 |       ||     1
       Distracted        |       |     1 |       ||     1
Armor: Robe              |     8 |    20 |    19 ||    47
Dodge: Dodged            |    39 |    85 |   106 ||   230
